 Dungeon Crawl Stone Soup version 0.19-a0-958-gd69d43c (webtiles) character file.

128497 Dynast the Devastator (level 17, -6/106 HPs)
             Began as a Tengu Wanderer on July 9, 2016.
             Was a High Priest of Vehumet.
             Mangled by Agnes
             ... wielding a +2 vampiric lajatang
              (52 damage)
             ... on level 1 of the Elven Halls on July 11, 2016.
             The game lasted 02:06:51 (35991 turns).

Dynast the Devastator (Tengu Wanderer)             Turns: 35991, Time: 02:06:51

Health: -6/106     AC: 12    Str: 11    XL:     17   Next: 3%
Magic:  19/41      EV: 10    Int: 27    God:    Vehumet [*****.]
Gold:   926        SH: 17    Dex: 14    Spells: 10 memorised, 7 levels left

rFire  + + .     SeeInvis .     a - staff of conjuration
rCold  + + .     Gourm    .     z - +1 leather armour "Etuschus" {rF+ rC+ MR+}
rNeg   + + .     Faith    .     G - +2 shield of Resistance {rF+ rC+ MR+}
rPois  .         Spirit   .     o - +2 hat
rElec  +         Dismiss  .     (no cloak)
rCorr  .         Reflect  +     T - +1 pair of gloves {Dex+3}
SustAt .         Harm     .     (boots unavailable)
MR     +++..                    Z - +6 amulet of reflection
Stlth  +++.......               Y - ring of Esemu {rElec rN++ Int+3 Slay-5 Stlth+}
                                c - +4 ring of protection

@: flying quickly and evasively, very slightly contaminated, repel missiles,
quick, extremely resistant to hostile enchantments, fairly stealthy
A: beak, talons 3, high mp 1, robust 1, able to fly 2
a: Stop Flying, Renounce Religion


You were on level 1 of the Elven Halls.
You worshipped Vehumet.
Vehumet was extremely pleased with you.
You were not hungry.

You visited 4 branches of the dungeon, and saw 24 of its levels.
You also visited: Bailey.

You collected 1777 gold pieces.
You spent 851 gold pieces at shops.

Inventory:

Missiles
 t - 14 javelins (quivered)
 x - 2 throwing nets
Armour
 o - a +2 hat (worn)
 z - the +1 leather armour "Etuschus" (worn) {rF+ rC+ MR+}
   (You bought it in a shop on level 11 of the Dungeon)

   It protects you from fire.
   It protects you from cold.
   It affects your resistance to hostile enchantments.
 G - the +2 shield of Resistance (worn) {rF+ rC+ MR+}
   (You found it on level 4 of the Lair of Beasts)

   It protects you from fire.
   It protects you from cold.
   It affects your resistance to hostile enchantments.
 T - a +1 pair of gloves of dexterity (worn)
Magical Staves
 a - an uncursed staff of conjuration (weapon)
 w - an uncursed staff of fire
Rods
 b - a +1 lightning rod (12/12)
   (You found it on level 6 of the Lair of Beasts)
Jewellery
 c - a +4 ring of protection (left hand)
 l - an uncursed ring of poison resistance
 R - an uncursed ring of see invisible
 Y - the ring of Esemu (right hand) {rElec rN++ Int+3 Slay-5 Stlth+}
   (You bought it in a shop on level 2 of the Orcish Mines)

   [ring of stealth]

   It affects your intelligence (+3).
   It affects your accuracy and damage with ranged weapons and melee attacks
   (-5).
   It insulates you from electricity.
   It greatly protects you from negative energy.
   It makes you more stealthy.
 Z - a +6 amulet of reflection (around neck)
Wands
 e - a wand of hasting (6/9)
 h - a wand of disintegration (12/24)
 v - a wand of hasting (1/9)
Scrolls
 d - 7 scrolls of remove curse
 j - 4 scrolls of fog
 m - 3 scrolls of recharging
 s - a scroll of blinking
 y - a scroll of identify
 C - 2 scrolls of magic mapping
 D - a scroll of summoning
 M - 4 scrolls of fear
 O - a scroll of enchant armour
 U - a scroll of acquirement
 V - a scroll of amnesia
 X - a scroll of immolation
Potions
 n - a potion of cure mutation
 p - a potion of resistance
 q - 8 potions of might
 r - a potion of magic
 u - 2 potions of brilliance
 A - 4 potions of flight
 B - 4 potions of agility
 E - a potion of ambrosia
 H - a potion of invisibility
 I - 2 potions of heal wounds
 J - 7 potions of curing
 P - 2 potions of haste
Books
 g - a book of the Sky

   Spells                             Type                      Level
   a - Summon Lightning Spire         Summoning/Air                4
   b - Airstrike                      Air                          4
   c - Silence                        Hexes/Air                    5
   d - Deflect Missiles               Charms/Air                   6
   e - Conjure Ball Lightning         Conjuration/Air              6
   f - Tornado                        Air                          9
 Q - a book of Air

   Spells                             Type                      Level
   a - Shock                          Conjuration/Air              1
   b - Swiftness                      Charms/Air                   2
   c - Repel Missiles                 Charms/Air                   2
   d - Static Discharge               Conjuration/Air              3
   e - Lightning Bolt                 Conjuration/Air              5
 S - a book of Conjurations

   Spells                             Type                      Level
   a - Magic Dart                     Conjuration                  1
   b - Searing Ray                    Conjuration                  2
   c - Dazzling Spray                 Conjuration/Hexes            3
   d - Fulminant Prism                Conjuration/Hexes            4
   e - Iskenderun's Mystic Blast      Conjuration                  4
   f - Iskenderun's Battlesphere      Conjuration/Charms           5
Miscellaneous
 N - a lamp of fire
Comestibles
 f - 9 bread rations
 i - 10 meat rations
 k - 21 fruits
 K - 9 slices of pizza
 L - a beef jerky


   Skills:
 - Level 8.2 Fighting
 - Level 1.0 Throwing
 - Level 1.6 Stealth
 + Level 5.7 Shields
 + Level 15.5 Spellcasting
 + Level 20.7 Conjurations
 - Level 1.0 Hexes
   Level 1.2 Summonings
   Level 1.5 Transmutations
 + Level 15.2 Fire Magic
   Level 1.7 Ice Magic


You had 7 spell levels left.
You knew the following spells:

 Your Spells              Type           Power        Failure   Level  Hunger
a - Fulminant Prism       Conj/Hex       #######...   1%          4    None
b - Bolt of Magma         Conj/Fire/Erth #######...   1%          5    None
c - Conjure Flame         Conj/Fire      ########     1%          3    None
d - Orb of Destruction    Conj           ########..   1%          7    #####..
f - Fireball              Conj/Fire      ########..   1%          5    None
g - Repel Missiles        Chrm/Air       ###...       21%         2    None
k - Blink                 Tloc           N/A          21%         2    None
s - Shock                 Conj/Air       ####         1%          1    None
t - Fire Storm            Conj/Fire      ########..   95%         9    #######
y - Delayed Fireball      Conj/Fire      N/A          2%          7    #####..


Dungeon Overview and Level Annotations

Branches:
Dungeon (15/15)            Temple (0/1) D:6            Lair (6/6) D:8
 Shoals (0/4) Lair:3        Snake (0/4) Lair:3        Slime (0/5) Lair:5
    Orc (2/2) D:12            Elf (1/3) Orc:2        Vaults (0/5) D:14
 Depths (0/5) D:15

Altars:
Ashenzari
Dithmenos
Fedhas
Gozag
Pakellas
Sif Muna
Vehumet
Xom
The Shining One

Shops:
D:11 [   D:12 ([   Orc:2 *}[}   Elf:1 *

Annotations:
Elf:1 Agnes


Innate Abilities, Weirdness & Mutations

You have a beak for a mouth.
You have claws for feet.
You can fly continuously.
You have an increased reservoir of magic. (+10% MP)
You are robust. (+10% HP)


Message History

Agnes is moderately wounded.
The orb of destruction hits Agnes.
Agnes is severely wounded.
You block Agnes's attack.
Unknown command.
Unknown command.
Unknown command.
Magic courses through your body. You block Agnes's attack.
Agnes hits you with a vampiric lajatang!!!
You hear a shout!
Casting: Fireball
Confirm with . or Enter, or press ? or * to list all spells.
Aiming: Fireball
Press: ? - help, Shift-Dir - straight line, p - Agnes You feel a surge of power!
The fireball explodes!
The fireball engulfs Agnes.
Agnes resists.
Agnes is almost dead.
Agnes hits you but does no damage.
Agnes hits you with a vampiric lajatang!!!
You die...

... #§# #.....)).###..
..... #.# #......).# #.#
.....##'#####'#####i##
#.# #........#....## #.#
#.# #..............###.#
#.#
#...............##.####.#
+...............##......#
#...............'....####
##......@i§.....'....#
##............#######
##..........##
############


You could see Agnes (berserk).

Vanquished Creatures
  Rupert (Lair:3)
  Gastronok (Lair:1)
  A deep elf sorcerer (Elf:1)
  A removed MONS_MAUD (Orc:2)
  A dire elephant (D:15)
  2 ettins (Orc:2)
  Josephine (D:11)
  Fannar (Orc:1)
  Erolcha (D:13)
  5 vault guards (D:14)
  10 hydras
  A centaur warrior (D:14)
  An anaconda (Lair:4)
  3 catoblepae (Lair:6)
  Erica (Orc:1)
  2 dancing weapons (Elf:1)
  14 death yaks
  4 orc high priests (Orc:2)
  6 deep elf knights (Elf:1)
  Urug (D:12)
  Sonja (D:13)
  3 skeletal warriors (D:11)
  An unseen horror (shapeshifter) (D:15)
  2 unseen horrors
  9 hill giants
  3 orc knights
  7 deep elf archers (Elf:1)
  2 wizards (D:14)
  Pikel (D:6)
  23 deep elf magi
  2 orc sorcerers (Orc:2)
  6 ugly things
  3 elephants (Lair:3)
  2 oklob plants (Lair:5)
  4 cyclopes
  4 manticores
  A salamander (D:15)
  8 black mambas
  4 griffons
  2 centaur zombies
  The ghost of neil the Destroyer, a novice TeCj of Uskayaw (D:6)
  13 spiny frogs
  2 centaur skeletons (D:14)
  2 rime drakes
  A gargoyle (D:14)
  A freezing wraith (D:15)
  10 komodo dragons
  2 tengu conjurers
  A polar bear (shapeshifter) (D:14)
  2 polar bears
  Prince Ribbit (D:8)
  9 trolls
  32 blink frogs
  A blink frog (shapeshifter) (D:13)
  A harpy skeleton (D:14)
  2 slime creatures (D:15)
  A hornet zombie (D:15)
  A snapping turtle (Lair:3)
  A boulder beetle (Lair:5)
  A redback (Orc:1)
  A water elemental (Elf:1)
  3 shadows
  A basilisk (D:14)
  3 tarantellas (Orc:1)
  3 vampires
  8 wraiths
  A yak (shapeshifter) (Elf:1)
  52 yaks
  A fire elemental (Elf:1)
  11 hippogriffs
  2 hungry ghosts (D:9)
  2 mottled dragons
  4 nagas (Lair:3)
  A warg (Orc:2)
  5 vampire mosquitoes
  18 water moccasins
  A giant eyeball (shapeshifter) (D:15)
  Duvessa (D:7)
  14 porcupines
  48 orc warriors
  4 wasps
  A phantom (D:7)
  7 sky beasts
  2 black bears
  4 slaves (D:6)
  4 ice beasts
  11 ogres
  5 wolves (Lair:3)
  10 centaurs
  10 crocodiles
  18 giant frogs
  3 big kobolds (D:8)
  Dowan (D:7)
  2 wyvern skeletons
  4 scorpions
  3 killer bees (D:11)
  12 wights
  An electric eel (Lair:3)
  5 giant frog zombies
  6 crimson imps
  2 quasits
  3 hounds
  4 jellies
  26 orc priests
  4 giant frog skeletons
  12 iguanas
  33 orc wizards
  10 worker ants
  11 sheep
  A hound skeleton (D:6)
  2 worker ant zombies
  3 gnolls (D:7)
  60 river rats
  19 adders
  3 shadow imps
  An ooze (D:4)
  3 adder zombies
  5 worms
  A dart slug (D:1)
  3 giant geckos
  120 orcs
  5 giant cockroaches
  14 goblins
  10 hobgoblins
  12 jackals
  8 quokkas
  A ball python (D:2)
  16 bats
  2 giant newts (D:3)
  A jackal skeleton (D:6)
  6 kobolds
  A quokka zombie (D:5)
  20 rats
  A fungus (Lair:3)
  10 plants
957 creatures vanquished.

Vanquished Creatures (others)
  A komodo dragon (D:9)
  23 fulminant prisms
  15 fungi
  15 plants
54 creatures vanquished.

Grand Total: 1011 creatures vanquished

Notes
Turn   | Place    | Note
-------+----------+-------------------------------------------
     0 | D:1      | Dynast the Tengu Wanderer began the quest for the Orb.
     0 | D:1      | Dynast set off with: a book of Frost, the Almanac of Battle Magic, Feenk's Collected Works on Orientation, a +0 robe, a +0 club, a bread ration
     0 | D:1      | Reached XP level 1. HP: 10/10 MP: 4/4
     0 | D:1      | Identified the Almanac of Battle Magic
     0 | D:1      | Identified Feenk's Collected Works on Orientation
     2 | D:1      | Learned a level 1 spell: Freeze
   302 | D:1      | Reached skill level 1 in Stealth
   434 | D:1      | Reached XP level 2. HP: 10/15 MP: 3/6
   439 | D:1      | Learned a level 2 spell: Throw Flame
   845 | D:1      | Reached skill level 1 in Conjurations
   903 | D:1      | Reached skill level 1 in Fire Magic
  1034 | D:1      | Reached XP level 3. HP: 16/19 MP: 0/7
  1102 | D:1      | Reached skill level 2 in Conjurations
  1371 | D:2      | Gained mutation: You are robust. (+10% HP) [potion of beneficial mutation]
  1372 | D:2      | Gained mutation: You have an increased reservoir of magic. (+10% MP) [potion of beneficial mutation]
  2159 | D:1      | Reached XP level 4. HP: 26/26 MP: 3/8
  2211 | D:2      | Found a shadowy altar of Dithmenos.
  2215 | D:2      | Found a shattered altar of Ashenzari.
  2215 | D:2      | Found a radiant altar of Vehumet.
  2230 | D:2      | Found a glowing golden altar of the Shining One.
  2254 | D:2      | Became a worshipper of Vehumet
  2267 | D:2      | Reached skill level 3 in Conjurations
  3561 | D:3      | Gained mutation: You can fly. [Tengu growth]
  3561 | D:3      | Reached XP level 5. HP: 12/30 MP: 0/9
  3792 | D:3      | Reached * piety under Vehumet
  3792 | D:3      | Offered knowledge of Magic Dart by Vehumet.
  3941 | D:3      | Reached skill level 4 in Conjurations
  4627 | D:4      | Noticed an ogre
  4659 | D:4      | Killed an ogre
  4659 | D:4      | Reached skill level 5 in Conjurations
  4659 | D:4      | Reached XP level 6. HP: 29/35 MP: 2/12
  4726 | D:4      | Learned a level 2 spell: Blink
  5063 | D:4      | Learned a level 2 spell: Throw Frost
  5263 | D:4      | Reached XP level 7. HP: 39/39 MP: 7/14
  5396 | D:5      | Entered Level 5 of the Dungeon
  5421 | D:5      | Reached skill level 6 in Conjurations
  5710 | D:5      | Learned a level 2 spell: Searing Ray
  6060 | D:5      | Reached skill level 7 in Conjurations
  6154 | D:5      | Learned a level 4 spell: Iskenderun's Mystic Blast
  6231 | D:6      | Reached ** piety under Vehumet
  6231 | D:6      | Offered knowledge of Shock by Vehumet.
  6231 | D:6      | Reached skill level 5 in Spellcasting
  6231 | D:6      | Reached XP level 8. HP: 35/45 MP: 4/18
  6236 | D:5      | Learned a level 1 spell: Shock
  6396 | D:6      | Reached skill level 8 in Conjurations
  6819 | D:6      | Noticed Pikel
  6833 | D:6      | Reached skill level 1 in Fighting
  6834 | D:6      | Killed Pikel
  6834 | D:6      | Reached skill level 9 in Conjurations
  7103 | D:6      | Reached XP level 9. HP: 48/56 MP: 13/21
  7118 | D:6      | Learned a level 4 spell: Fulminant Prism
  7882 | D:6      | Found a staircase to the Ecumenical Temple.
  8007 | D:6      | Noticed neil's ghost (novice TeCj)
  8025 | D:6      | Killed neil's ghost
  8025 | D:6      | Reached skill level 10 in Conjurations
  8749 | D:7      | Noticed Duvessa
  8749 | D:7      | Noticed Dowan
  8756 | D:7      | Killed Duvessa
  8763 | D:7      | Killed Dowan
  8763 | D:7      | Offered knowledge of Conjure Flame by Vehumet.
  8964 | D:7      | Reached skill level 11 in Conjurations
  9297 | D:7      | Reached XP level 10. HP: 45/63 MP: 9/25
  9298 | D:7      | Reached *** piety under Vehumet
  9525 | D:7      | Learned a level 3 spell: Conjure Flame
  9558 | D:8      | Reached skill level 12 in Conjurations
  9832 | D:8      | Offered knowledge of Inner Flame by Vehumet.
 10149 | D:8      | Noticed a three-headed hydra
 10160 | D:8      | Killed a three-headed hydra
 10256 | D:8      | Reached **** piety under Vehumet
 10256 | D:8      | Reached skill level 13 in Conjurations
 10609 | D:8      | Noticed Prince Ribbit
 10632 | D:8      | Killed Prince Ribbit
 10632 | D:8      | Offered knowledge of Dazzling Spray by Vehumet.
 10914 | D:8      | Learned a level 7 spell: Orb of Destruction
 11409 | D:8      | Found a staircase to the Lair.
 11693 | D:8      | Found an opulent altar of Gozag.
 11694 | D:8      | Found a shimmering altar of Xom.
 11741 | D:8      | Reached XP level 11. HP: 68/68 MP: 22/28
 12037 | D:9      | Reached skill level 10 in Spellcasting
 12323 | D:9      | Reached ***** piety under Vehumet
 12323 | D:9      | Offered knowledge of Fireball by Vehumet.
 12340 | D:9      | Learned a level 5 spell: Fireball
 12869 | D:9      | Found an oddly glowing altar of Pakellas.
 12869 | D:9      | Noticed an orange crystal statue
 12915 | D:10     | Entered Level 10 of the Dungeon
 12921 | D:10     | Found a shadowy altar of Dithmenos.
 12954 | D:10     | Noticed a hill giant
 13218 | D:10     | Reached skill level 14 in Conjurations
 13681 | D:10     | Killed a hill giant
 13681 | D:10     | Reached skill level 5 in Fire Magic
 13958 | D:10     | Noticed a cyclops
 13959 | D:10     | Killed a cyclops
 14106 | D:11     | Noticed a skeletal warrior
 14106 | D:11     | Noticed a skeletal warrior
 14106 | D:11     | Noticed a skeletal warrior
 14247 | D:11     | Killed a skeletal warrior
 14258 | D:11     | Noticed Josephine
 14267 | D:11     | Killed a skeletal warrior
 14267 | D:11     | Killed Josephine
 14273 | D:11     | Reached skill level 15 in Conjurations
 14274 | D:11     | Reached XP level 12. HP: 42/73 MP: 4/30
 14285 | D:11     | Found a flagged portal.
 14290 | Bailey   | Entered a bailey
 15142 | Bailey   | Offered knowledge of Airstrike by Vehumet.
 15614 | D:11     | Found Seuseh's Antique Armour Shoppe.
 15661 | D:11     | Bought an ichor-stained leather armour for 245 gold pieces
 15661 | D:11     | Bought a pair of embroidered gloves for 157 gold pieces
 15677 | D:11     | Identified the +1 leather armour "Etuschus" {rF+ rC+ MR+} (You bought it in a shop on level 11 of the Dungeon)
 17320 | Lair:1   | Entered Level 1 of the Lair of Beasts
 17336 | Lair:1   | Reached skill level 16 in Conjurations
 17864 | Lair:1   | Offered knowledge of Ozocubu's Refrigeration by Vehumet.
 18010 | Lair:1   | Noticed Gastronok
 18015 | Lair:1   | Killed Gastronok
 18015 | Lair:1   | Reached XP level 13. HP: 66/79 MP: 6/33
 18527 | Lair:1   | Reached skill level 10 in Fire Magic
 19238 | Lair:2   | Reached skill level 17 in Conjurations
 20336 | Lair:2   | Learned a level 5 spell: Bolt of Magma
 20984 | Lair:3   | Offered knowledge of Delayed Fireball by Vehumet.
 21047 | Lair:2   | Learned a level 7 spell: Delayed Fireball
 21491 | Lair:3   | Noticed Rupert
 21705 | Lair:3   | Gained mutation: You can fly continuously. [Tengu growth]
 21705 | Lair:3   | Reached XP level 14. HP: 83/83 MP: 11/35
 21782 | Lair:3   | Killed Rupert
 22248 | Lair:3   | Reached skill level 18 in Conjurations
 22330 | Lair:3   | Found a staircase to the Snake Pit.
 22409 | Lair:3   | Found a staircase to the Shoals.
 22982 | Lair:4   | Offered knowledge of Bolt of Fire by Vehumet.
 22982 | Lair:4   | Reached skill level 5 in Fighting
 23873 | Lair:5   | Found a staircase to the Slime Pits.
 24043 | Lair:5   | Reached ****** piety under Vehumet
 25211 | Lair:6   | Entered Level 6 of the Lair of Beasts
 25265 | Lair:6   | Offered knowledge of Freezing Cloud by Vehumet.
 25749 | Lair:6   | Reached XP level 15. HP: 92/92 MP: 27/37
 26167 | Lair:6   | Reached skill level 19 in Conjurations
 27010 | D:12     | Found Puivaces's Armour Boutique.
 27010 | D:12     | Found a staircase to the Orcish Mines.
 27010 | D:12     | Found Laimakuf's Weapon Boutique.
 27025 | D:12     | Noticed Urug
 27178 | D:12     | Killed Urug
 27188 | D:12     | Offered knowledge of Poisonous Cloud by Vehumet.
 27427 | D:12     | Found a blossoming altar of Fedhas.
 28243 | Orc:1    | Entered Level 1 of the Orcish Mines
 28355 | Orc:1    | Noticed Erica
 28357 | Orc:1    | Killed Erica
 28447 | Orc:2    | Entered Level 2 of the Orcish Mines
 28909 | Orc:2    | Found a staircase to the Elven Halls.
 29155 | Orc:1    | Offered knowledge of Fire Storm by Vehumet.
 29155 | Orc:1    | Offered knowledge of Glaciate by Vehumet.
 29155 | Orc:1    | Offered knowledge of Shatter by Vehumet.
 29356 | Orc:1    | Noticed Fannar
 29358 | Orc:1    | Killed Fannar
 29694 | Orc:1    | Learned a level 9 spell: Fire Storm
 30278 | Orc:2    | Found Castreg's Gadget Emporium.
 30278 | Orc:2    | Found Gutyilil's Gadget Shoppe.
 30281 | Orc:2    | Found Gewurupn's General Store.
 30281 | Orc:2    | Found Nane's Antique Armour Shoppe.
 30291 | Orc:2    | Bought the ring of Esemu {rElec rN++ Int+3 Slay-5 Stlth+} for 409 gold pieces
 30344 | Orc:2    | Noticed Maud
 30404 | Orc:2    | Killed Maud
 30939 | D:13     | Noticed Sonja
 30939 | D:13     | Killed Sonja
 31176 | D:13     | Noticed Erolcha
 31181 | D:13     | Killed Erolcha
 31185 | D:13     | Reached XP level 16. HP: 102/102 MP: 4/39
 32263 | D:14     | Reached skill level 20 in Conjurations
 33070 | D:14     | Reached skill level 15 in Spellcasting
 33076 | D:14     | Found a gate to the Vaults.
 33120 | D:15     | Entered Level 15 of the Dungeon
 33972 | D:15     | Found a staircase to the Depths.
 34716 | D:15     | Found a deep blue altar of Sif Muna.
 34880 | D:12     | You are sucked into a shaft!
 35012 | Elf:1    | Entered Level 1 of the Elven Halls
 35221 | Elf:1    | Reached skill level 15 in Fire Magic
 35346 | Elf:1    | Upgraded the game from 0.19-a0-944-gb338e1e to 0.19-a0-958-gd69d43c
 35500 | Elf:1    | Found Buufu's General Store.
 35505 | Elf:1    | Identified a scroll of acquirement
 35506 | Elf:1    | Bought a scroll of identify for 40 gold pieces
 35509 | Elf:1    | Reached skill level 5 in Shields
 35647 | Elf:1    | Learned a level 2 spell: Repel Missiles
 35952 | Elf:1    | Reached XP level 17. HP: 106/106 MP: 27/41
 35980 | Elf:1    | Noticed Agnes
 35991 | Elf:1    | Mangled by Agnes

Vault maps used:
D:1:      lemuel_arrival_muddy
D:2:      grunt_temple_overflow_open, first_bread
D:4:      kennysheep_generic_room_9
D:6:      uniq_pikel
D:7:      uniq_duvessa
D:8:      gammafunk_temple_overflow_pools, grunt_lair_entry_orc_guard_hut,
          hangedman_ranch, uniq_prince_ribbit1
D:9:      gammafunk_pakellas_statue_experiment
D:10:     nicolae_dithmenos_shadow_blocks
D:11:     serial_shops, nicolae_shop_competitors_out_of_business,
          enter_bailey_3, uniq_josephine
D:12:     orc_david_3, fedhas_bush_and_centaur_altar, uniq_urug
D:13:     uniq_erolcha, uniq_sonja
D:14:     grunt_vaults_entry_fortified, nrook_mini_vaults
D:15:     hangedman_depths_entry_try_elsewhere_first, glass_columns_a,
          basic_altar
Lair:1:   beast_lair_carwin_5, uniq_gastronok
Lair:2:   minivault_11, lemuel_fruit_tree
Lair:3:   minmay_shoals_entry_hut, minmay_snake_entry_guardpost_small,
          uniq_rupert
Lair:4:   beast_lair_carwin_large_4
Lair:5:   minmay_lair_venomous_thicket, minmay_slime_entry_oklob_enclosed
Lair:6:   evilmike_catoblepas_cave, lemuel_fruit_fields, grunt_megastairs_3
Orc:1:    nicolae_orc_accident_3, uniq_fannar, uniq_erica
Orc:2:    st_orc_mages, special_room, uniq_maud
Elf:1:    minmay_elf_arrival_circle, serial_shops, nicolae_shop_waterfront,
          minmay_elf_annihilation, grunt_ministairs_10, uniq_agnes
Bailey:   bailey_polearm_2, bailey

Skill      XL: |  1  2  3  4  5  6  7  8  9 10 11 12 13 14 15 16 |
---------------+-------------------------------------------------+-----
Stealth        | 1 |  1.6
Conjurations   | 1 2 3 5 7 9 11 13 15 16 17 18 19 20 | 20.7
Fire Magic     | 1 2 3 6 9 11 13 14 15 | 15.2
Spellcasting   | 3 5 6 8 9 11 12 13 14 15 | 15.5
Fighting       | 3 4 6 8 |  8.2
Shields        | 5 |  5.7
Throwing       | |  1.0
Hexes          | |  1.0
Summonings     | |  1.2
Transmutations | |  1.5
Ice Magic      | |  1.7

Action                   |  1- 3 |  4- 6 |  7- 9 | 10-12 | 13-15 | 16-18 || total
-------------------------+-------+-------+-------+-------+-------+-------++-------
Melee: Club              |    10 |       |       |       |       |       ||    10
       Peck              |     1 |     6 |     9 |     8 |     8 |     1 ||    33
       Kick              |     1 |     7 |    17 |    25 |    13 |     1 ||    64
       Dagger            |       |    57 |    66 |    80 |    25 |       ||   228
       Staff             |       |       |       |       |    30 |     4 ||    34
Throw: Stone             |    18 |       |       |       |       |       ||    18
       Javelin           |       |       |     1 |    12 |    13 |     5 ||    31
 Cast: Freeze            |    58 |    43 |    29 |     4 |       |       ||   134
       Throw Flame       |    22 |    65 |   128 |    13 |       |       ||   228
       Throw Frost       |       |       |    15 |       |       |       ||    15
       Iskenderun's Myst |       |       |    23 |   126 |     2 |       ||   151
       Fulminant Prism   |       |       |     8 |    12 |     3 |       ||    23
       Orb of Destructio |       |       |       |    47 |    97 |    22 ||   166
       Conjure Flame     |       |       |       |     8 |     3 |     2 ||    13
       Searing Ray       |       |       |       |     1 |       |       ||     1
       Fireball          |       |       |       |   100 |   380 |   153 ||   633
       Shock             |       |       |       |    30 |     2 |     1 ||    33
       Blink             |       |       |       |     1 |       |       ||     1
       Bolt of Magma     |       |       |       |       |     7 |     8 ||    15
       Delayed Fireball  |       |       |       |       |     5 |     4 ||     9
       Repel Missiles    |       |       |       |       |       |     1 ||     1
 Abil: Fly               |       |     1 |     1 |     4 |     2 |       ||     8
       Release Delayed F |       |       |       |       |     4 |     5 ||     9
Evoke: Wand              |       |       |       |    12 |     1 |       ||    13
       Lamp of fire      |       |       |       |     1 |       |       ||     1
       Rod               |       |       |       |       |     3 |       ||     3
  Use: Scroll            |     3 |     2 |     7 |     9 |    12 |     7 ||    40
       Potion            |     2 |       |     3 |     3 |       |     1 ||     9
 Stab: Distracted        |       |       |     1 |       |       |       ||     1
  Eat: Chunk             |     6 |    14 |    14 |    61 |    83 |    21 ||   199
       Fruit             |       |       |     1 |     3 |    14 |     1 ||    19
       Beef jerky        |       |       |     1 |     3 |     1 |     1 ||     6
       Pizza             |       |       |       |     1 |     1 |       ||     2
       Royal jelly       |       |       |       |     1 |       |       ||     1
       Meat ration       |       |       |       |       |     1 |       ||     1
       Bread ration      |       |       |       |       |     1 |       ||     1
Armor: Robe              |    10 |       |       |       |       |       ||    10
       Leather armour    |       |    20 |    31 |    55 |    33 |     8 ||   147
Dodge: Dodged            |    45 |    52 |    45 |   110 |    60 |     4 ||   316
Block: Shield            |       |       |       |       |       |    35 ||    35
       Reflection        |       |       |       |       |       |    16 ||    16
